Quickblade, chaotic female elven Rogue ############# ---------- -------- #----- # |.??.???.| ------ |......-#####%############## #|...| ###|.?......| |....| |.<....| ####################|...| #-.???????| |.....#####........#######--------- #).>.| |.??????+| |....| -----.-- #........| #|B@.%### ---------- |.....# # ###|........##########+...| # |....| ### ###|.......| ###----- ### |.....####################|.......| # # ------ ## #### |.......| ### ### -.--- #### |.......| # # |...-###### --------- ### ############ |...|### # # -----.------- |....# ### ##............| |...| # |...........| |..>.#################### |...........| |...| |...........| ----- |...........| ------------- Quickblade the Cutpurse Experience level: 5 Strength: 15 Dexterity: 19 Constitution: 10 Intelligence: 9 Wisdom: 14 Charisma: 10 Health: 0(38) Energy: 34(34) Def: 3 Gold: 154 Moves: 1990 Dungeon seed: 97glLfMKpJl1Hzgc Game ID: Quickblade_1437366304 Your Inventory: Coins $ - 154 gold pieces Weapons a - a blessed +0 elven short sword h - 26 blessed +1 arrows i - a +0 arrow l - 34 +0 darts t - 10 +0 elven daggers (wielded) Z - a blessed +0 elven dagger Armor e - an uncursed +1 leather armor (being worn) Comestibles j - 4 uncursed lichen corpses p - an uncursed tripe ration Rings Y - an uncursed ring of conflict Wands n - a wand of polymorph (0:6) o - a wand of undead turning (0:6) r - a wand of striking (0:8) E - a wand of enlightenment (0:10) T - a wand of light (0:13) Tools d - an uncursed lock pick f - an uncursed sack g - an uncursed blindfold k - an uncursed skeleton key s - a cursed tallow candle (0:200) W - 7 uncursed wax candles (0:400) X - an uncursed lock pick Contents of the sack: 7 uncursed scrolls of identify an uncursed scroll of scare monster a cursed potion of full healing 2 uncursed potions of sickness Spells and supernatural/magical abilities: Name Level Category Fail Memory W - pray for help -- divine ? -- Your skills at the end: Fighting Skills Weapon Skills dagger [Skilled] short sword [Basic] Spellcasting Skills Final Attributes: You were piously aligned. You were sleep resistant. You had infravision. You were stealthy. You are dead (2nd time!). Vanquished creatures: a gnome lord a little dog a kitten 2 dwarves 2 orc zombies 2 iguanas an acid blob a gas spore a hobbit 3 giant rats a yellow mold 8 gnomes a gnome zombie a gecko 6 jackals 2 foxen 2 goblins a grid bug 4 lichens 4 newts 45 creatures vanquished. Voluntary challenges: You were an atheist. You used a wielded weapon 74 times, starting on turn 37. You read items or engraved 2 times, starting on turn 768. You never genocided any monsters. You never polymorphed an object. You never changed form. You used no wishes. You never split a pudding. You never wrote Elbereth's name. You never violated your personal moral code. You abstained from Elbereth's help. Dungeon overview: The Dungeons of Doom: levels 1 to 3 Level 1 a long staircase Level 2 <- You were here a scroll shop stairs to The Gnomish Mines Level 3 a fountain, a sink The Gnomish Mines: Level 3 stairs to The Dungeons of Doom History has recorded: On T:1 you entered the Dungeons of Doom to retrieve the Amulet of Yendor! On T:435 you advanced to experience level 2. On T:494 you reached level 2 of The Dungeons of Doom. On T:953 you reached level 3 of The Dungeons of Doom. On T:1191 you advanced to experience level 3. On T:1454 you reached level 1 of The Gnomish Mines. On T:1484 you advanced to experience level 4. On T:1625 you were saved from death by your amulet of life saving! On T:1766 you advanced to experience level 5. Score breakdown: Gold: 154 ( 15 points) Experience: 5 levels ( 400 points) Exploration: 3 levels ( 60 points) Discoveries: 10 items ( 500 points) Variety of kills: 20 monsters ( 1000 points) Major goal: (nothing yet) ( 0 points) Survival: died (score multiplied by 3) Total score: 5925 Latest messages: The straw golem hits! (2x) You put 2 uncursed potions of sickness into the sack. You put a bubbly potion into the sack. n - a wand of polymorph (0:6). You hit the giant bat. The giant bat bites! (2x) You die... Final status: Goodbye Quickblade the Rogue, killed by a giant bat... You died in The Dungeons of Doom on dungeon level 2 with 5925 points, and 154 pieces of gold, after 1990 moves. You were level 5 with a maximum of 38 hit points when you died.